[Event "Early-Titled-Tuesday-Blitz-March-19-2024"]
[Site "Chess.com"]
[Date "2024.03.19"]
[Round "3"]
[White "TERMINATOR_PC"]
[Black "maciek_92"]
[Result "0-1"]
[WhiteElo "2548"]
[BlackElo "2890"]
[TimeControl "180+1"]
[EndTime "8:26:14 PDT"]
[Termination "maciek_92 won by resignation"]

1. e4 c5 2. Nf3 e6 3. d4 cxd4 4. Nxd4 Nc6 5. Nc3 a6 6. Nxc6 bxc6 7. Bd3 d5 8. O-O Nf6 9. Qe2 Be7 10. f4 O-O 11.
Kh1 c5 12. b3 Bb7 13. Bd2 Qc7 14. e5 c4 15. bxc4 dxc4 16. Bxc4 Nd7 17. Bd3 Nc5 18. Ne4 Nxd3 19. cxd3 Rfd8 20. Rac1 Qb6 21. Be3 Qb5 22. Bc5 Qxd3 23. Qxd3 Rxd3 24. Bxe7 Bxe4 25. Rf2 h5 26. Bb4 Bd5 27. a3 a5 28. Bd6 Kh7 29. Kg1 Kg6 30. h3 h4 31. Kh2 f6 32. exf6 gxf6 33. f5+ exf5 34. Rcf1 Be4 35. Rf4 Rxd6 0-1

[Event "Early-Titled-Tuesday-Blitz-March-19-2024"]
[Site "Chess.com"]
[Date "2024.03.19"]
[Round "3"]
[White "viktorgen2021"]
[Black "BilicVladimir"]
[Result "0-1"]
[WhiteElo "2480"]
[BlackElo "2708"]
[TimeControl "180+1"]
[EndTime "8:26:20 PDT"]
[Termination "BilicVladimir won by resignation"]

1. d4 c6 2. c4 d5 3. Nf3 Nf6 4.
Nc3 a6 5. c5 Nbd7 6. e3 g6 7.
b4 Bg7 8. Bb2 O-O 9. Be2 Ne8 10.
O-O Nc7 11. a4 Re8 12. e4 dxe4 13. Nxe4 Nd5 14. b5 axb5 15. axb5 Rxa1 16. Qxa1 N7f6 17. Nxf6+ Nxf6 18. Bc4 Nd5 19. bxc6 bxc6 20. Ne5 Qc7 21. Qa4 Bxe5 22. dxe5 Be6 23. Ra1 Rb8 24. Bd4 Rb4 25.
Qa8+ Kg7 26. Ra7 Rxc4 27. h3 Qc8 0-1

[Event "Early-Titled-Tuesday-Blitz-March-19-2024"]
[Site "Chess.com"]
[Date "2024.03.19"]
[Round "3"]
[White "wonderfultime"]
[Black "GMAkobianSTL"]
[Result "1-0"]
[WhiteElo "3081"]
[BlackElo "2812"]
[TimeControl "180+1"]
[EndTime "8:26:23 PDT"]
[Termination "wonderfultime won by resignation"]

1. d4 d5 2. Nf3 Nf6 3. Bf4 c6 4. e3 Bf5 5. c4 e6 6. Nc3 Nbd7 7. Qb3 Qb6 8. c5 Qxb3 9. axb3 a6 10. b4 Rc8 11. h3 h6 12. Be2 Be7 13. Nd2 Bd8 14.
Nb3 Bc7 15. Bxc7 Rxc7 16. b5 Ke7 17. b6 Rcc8 18. Na5 Rb8 19. f3 Rhc8 20. b4 e5 21. Kd2 exd4 22. exd4 Nf8 23. Nxb7 Rxb7 24. Bxa6 Rbb8 25. Bxc8 Bxc8 26. Ra7+ Ke8 27. b5 Bd7 28. Rha1 Kd8 29. Ra8 Kc8 30. R1a7 Ne6 31. b7+ Kc7 32. b6+ 1-0

[Event "Early-Titled-Tuesday-Blitz-March-19-2024"]
[Site "Chess.com"]
[Date "2024.03.19"]
[Round "3"]
[White "UnTucopalaTimba"]
[Black "InitiatingASC"]
[Result "0-1"]
[WhiteElo "1992"]
[BlackElo "2350"]
[TimeControl "180+1"]
[EndTime "8:26:24 PDT"]
[Termination "InitiatingASC won by resignation"]

1. e4 c5 2. Nf3 Nc6 3. d4 cxd4 4.
Nxd4 Nf6 5. Nc3 e5 6. Ndb5 h6 7. Nd5 Nxd5 8. exd5 a6 9. Nc3 Nd4 10. a3 d6 11. Be3 Nf5 12. Qd3 Nxe3 13. Qxe3 Be7 14.
Bd3 O-O 15. O-O f5 16. f4 e4 17. Be2 Bd7 18. Rad1 Rc8 19. Qg3 Qb6+ 20. Kh1 Qxb2 21.
Nb1 Rxc2 22. Bh5 Bf6 23. h3 Rfc8 24. Qe3 Rxg2 25. Rd2 Rxd2 26. Nxd2 Rc2 27. Rd1 Qc3 0-1

[Event "Early-Titled-Tuesday-Blitz-March-19-2024"]
[Site "Chess.com"]
[Date "2024.03.19"]
[Round "3"]
[White "trriinu"]
[Black "Josetricks"]
[Result "0-1"]
[WhiteElo "2292"]
[BlackElo "2543"]
[TimeControl "180+1"]
[EndTime "8:26:25 PDT"]
[Termination "Josetricks won by resignation"]

1. e4 g6 2. d4 Bg7 3. Nc3 c6 4. Nf3 d5 5. e5 f6 6. Be2 Bg4 7. Bf4 Nd7 8. exf6 Ngxf6 9. O-O O-O 10. Qd2 Ne4 11. Nxe4 dxe4 12. Ng5 Bxe2 13. Qxe2 Rxf4 14. Ne6 Qb8 15. Nxf4 Qxf4 16. c3 e5 17. f3 exd4 18. fxe4 Qe3+ 19. Qxe3 dxe3 20. Rfe1 Bh6 21. Rad1 Nc5 22.
e5 Re8 23. b4 Ne4 24. Rd7 Nxc3 25. Rxb7 e2 26. Rxa7 Bd2 27. Ra1 0-1

[Event "Early-Titled-Tuesday-Blitz-March-19-2024"]
[Site "Chess.com"]
[Date "2024.03.19"]
[Round "3"]
[White "rezamahdavi2008"]
[Black "ChainedDowntohell"]
[Result "1-0"]
[WhiteElo "2851"]
[BlackElo "2537"]
[TimeControl "180+1"]
[EndTime "8:26:31 PDT"]
[Termination "rezamahdavi2008 won by checkmate"]

1. e4 c5 2. Nf3 g6 3. d4 cxd4 4. Nxd4 Bg7 5. c4 Nc6 6. Be3 Nf6 7. Nc3 d6 8. Be2 Kf8 9. O-O Nd7 10. Nc2 Bxc3 11.
bxc3 f6 12. Bh6+ Ke8 13. f4 Nc5 14. Bf3 Be6 15. Ne3 Qa5 16. Nd5 Rc8 17. Kh1 Qa4 18.
Qe2 Na5 19. e5 dxe5 20. fxe5 f5 21. Rad1 Qxc4 22. Qe3 Kf7 23. Nxe7 Kxe7 24. Qg5+ Ke8 25. Qf6 Rg8 26. Bg5 Nc6 27. Bxc6+ bxc6 28. Qe7# 1-0

[Event "Early-Titled-Tuesday-Blitz-March-19-2024"]
[Site "Chess.com"]
[Date "2024.03.19"]
[Round "3"]
[White "visa"]
[Black "crescentmoon2411"]
[Result "0-1"]
[WhiteElo "2333"]
[BlackElo "2897"]
[TimeControl "180+1"]
[EndTime "8:26:31 PDT"]
[Termination "crescentmoon2411 won on time"]

1. Nf3 c5 2. b3 Nc6 3. Bb2 d5 4.
e3 a6 5. Be2 Qc7 6. c4 e6 7.
cxd5 exd5 8. Nc3 Nf6 9. Rc1 Be6 10. Na4 c4 11. bxc4 dxc4 12. Bxc4 Bxc4 13. Rxc4 b5 14. Be5 Qb7 15. Nc5 Bxc5 16. Rxc5 Nd7 17. Bxg7 Rg8 18. Rg5 O-O-O 19. Bb2 Rxg5 20. Nxg5 Nc5 21. O-O Rg8 22. Bf6 Nd7 23. Qf3 Rg6 24. Ne4 Kb8 25. Bh4 Nce5 26.
Bg3 Ka7 27. Bxe5 Nxe5 28. Qf5 f6 29. f3 Qd5 30. d4 Qxa2 31. Ng3 Nc4 32. Qc5+ Kb7 33.
d5 Qd2 34. Qc6+ Kb8 35. Qe8+ Ka7 36. Qf7+ Kb6 37. Qxh7 Nxe3 38. Rf2 Qe1+ 39. Nf1 Rxg2+ 40. Kh1 Qxf2 0-1

[Event "Early-Titled-Tuesday-Blitz-March-19-2024"]
[Site "Chess.com"]
[Date "2024.03.19"]
[Round "3"]
[White "dropstoneDP"]
[Black "TimGrutter03"]
[Result "1-0"]
[WhiteElo "2975"]
[BlackElo "2567"]
[TimeControl "180+1"]
[EndTime "8:26:34 PDT"]
[Termination "dropstoneDP won by resignation"]

1. e4 c5 2. Nf3 d6 3. Bb5+ Bd7 4. Bxd7+ Qxd7 5. c4 Nc6 6. Nc3 Nf6 7. d4 cxd4 8.
Nxd4 g6 9. h3 Bg7 10. Be3 O-O 11. O-O Rfc8 12. b3 Qd8 13. Rc1 Nd7 14. Nxc6 bxc6 15. Bd4 Bxd4 16. Qxd4 Qb6 17. Qd2 Qb4 18. f4 a5 19. Rf2 Nc5 20. f5 a4 21. Rcf1 Rf8 22.
Nd5 Qxd2 23. Nxe7+ Kg7 24. f6+ Kh8 25. Rxd2 Nxe4 26.
Rd4 Nc3 27. Rxd6 Nxa2 28. bxa4 Nb4 29. Nxc6 Ra6 30. Rd8 Rxd8 31. Nxd8 Kg8 32. Rb1 1-0

[Event "Early-Titled-Tuesday-Blitz-March-19-2024"]
[Site "Chess.com"]
[Date "2024.03.19"]
[Round "3"]
[White "bazar-wokzal"]
[Black "Golden3agle"]
[Result "1/2-1/2"]
[WhiteElo "2565"]
[BlackElo "2312"]
[TimeControl "180+1"]
[EndTime "8:26:35 PDT"]
[Termination "Game drawn by repetition"]

1. e4 c5 2. c3 e6 3. d4 d5 4. e5 f5 5. exf6 Nxf6 6. Nf3 Nc6 7. Bd3 Bd6 8. Bg5 O-O 9. O-O Qe8 10.
Nbd2 Qh5 11. h3 Bd7 12. Qe2 cxd4 13. Bxf6 Rxf6 14. cxd4 Raf8 15. Rae1 Bf4 16. a3 Bxd2 17.
Qxd2 Rxf3 18. Be2 Rxf2 19. Rxf2 Rxf2 20. Kxf2 Qh4+ 21. Ke3 Nxd4 22. Qxd4 Qxe1 23. Qxa7 Qc1+ 24. Kf2 Qxb2 25. Qb8+ Kf7 26. Qc7 Qd4+ 27. Kf1 Ke7 28. Qxb7 Qa1+ 29. Kf2 Qxa3 30. Qb8 Qc5+ 31. Kf1 Qc1+ 32.
Kf2 Qc5+ 33. Kf1 Qc1+ 34. Kf2 Qc5+ 1/2-1/2

[Event "Early-Titled-Tuesday-Blitz-March-19-2024"]
[Site "Chess.com"]
[Date "2024.03.19"]
[Round "3"]
[White "Eliwood44"]
[Black "kenta1234"]
[Result "0-1"]
[WhiteElo "2526"]
[BlackElo "2814"]
[TimeControl "180+1"]
[EndTime "8:26:37 PDT"]
[Termination "kenta1234 won by resignation"]

1. d4 Nf6 2. c4 g6 3. Nf3 Bg7 4.
e3 O-O 5. Be2 c5 6. d5 e6 7. h3 exd5 8. cxd5 Re8 9. O-O d6 10.
a4 Nbd7 11. a5 Ne5 12. Nxe5 Rxe5 13. Nc3 Ne4 14. Nxe4 Rxe4 15. Bd3 Rb4 16. Ra2 Bd7 17.
e4 b5 18. Qc2 Qf6 19. b3 Qc3 20. Qxc3 Bxc3 21. Bc2 c4 22. bxc4 Rxc4 23. Bd3 Rd4 24. Rd1 a6 25. Be3 Rb4 26. Rc2 Rb3 27. Rdc1 b4 28. Bb6 Kf8 29. f4 Ke7 30. e5 dxe5 31. fxe5 Bxe5 32. Bc5+ Kf6 33. Rf1+ Kg7 34. Bc4 Rc3 35.
Rxc3 bxc3 36. d6 f5 37. g4 Rc8 0-1

[Event "Early-Titled-Tuesday-Blitz-March-19-2024"]
[Site "Chess.com"]
[Date "2024.03.19"]
[Round "3"]
[White "Zavgorodniy_Sergiy"]
[Black "mertfelin"]
[Result "1-0"]
[WhiteElo "2618"]
[BlackElo "2372"]
[TimeControl "180+1"]
[EndTime "8:26:39 PDT"]
[Termination "Zavgorodniy_Sergiy won by resignation"]

1. d4 d5 2. c4 e6 3. Nf3 Nf6 4. e3 Be7 5. Nbd2 O-O 6. Bd3 b6 7. O-O Bb7 8. Qe2 c5 9. b3 cxd4 10. exd4 Nbd7 11. Bb2 Rc8 12. Rac1 Rc7 13. Rfd1 Qc8 14.
h3 Rd8 15. Qe3 a5 16. Ne5 dxc4 17. Ndxc4 Nd5 18. Qg3 N7f6 19. Re1 Bf8 20. Bb1 Ne7 21. Nxb6 Rxc1 22. Rxc1 Qb8 23. Nbc4 a4 24. Bc2 Ne4 25. Qf4 Nf6 26. bxa4 Bd5 27. Bb3 Qa8 28. Nb6 Qa5 29.
Nxd5 Nfxd5 30. Qxf7+ Kh8 31. Qxe6 Qd2 32. Nf7+ Kg8 33.
Nh6+ Kh8 34. Qg8+ 1-0

[Event "Early-Titled-Tuesday-Blitz-March-19-2024"]
[Site "Chess.com"]
[Date "2024.03.19"]
[Round "3"]
[White "ajedrezsinlimites"]
[Black "alvarorodriguezavila"]
[Result "1-0"]
[WhiteElo "2609"]
[BlackElo "2342"]
[TimeControl "180+1"]
[EndTime "8:26:39 PDT"]
[Termination "ajedrezsinlimites won by resignation"]

1. e4 c5 2. Nf3 g6 3. d4 cxd4 4. Nxd4 Bg7 5. c4 Nc6 6. Be3 Nf6 7. Nc3 O-O 8. Be2 d6 9. O-O Nxd4 10. Bxd4 Bd7 11. h3 Bc6 12. Qc2 a5 13. Rad1 Qc7 14. f4 Rfd8 15. Kh1 a4 16. b4 axb3 17. axb3 Qa5 18.
Bf3 Nd7 19. Bxg7 Kxg7 20. Nd5 Bxd5 21. Rxd5 Qa2 22. Qc3+ Kg8 23. e5 dxe5 24. Rfd1 e4 25. Bxe4 Qe2 26. Re1 Qf2 27. Red1 Qe2 28. Bf3 Qe6 29. f5 gxf5 30. Qd2 Ra3 31. Rxd7 Rxd7 32. Qxd7 Qxd7 33. Rxd7 Rxb3 34. Rxb7 Rxb7 35. Bxb7 1-0

[Event "Early-Titled-Tuesday-Blitz-March-19-2024"]
[Site "Chess.com"]
[Date "2024.03.19"]
[Round "3"]
[White "BashirliSaadat"]
[Black "gorgeous1083"]
[Result "1-0"]
[WhiteElo "2364"]
[BlackElo "2068"]
[TimeControl "180+1"]
[EndTime "8:26:39 PDT"]
[Termination "BashirliSaadat won by resignation"]

1. d4 Nf6 2. e3 e6 3. Bd3 d5 4.
f4 Be7 5. Nf3 c5 6. c3 b6 7. Qe2 a5 8. Ne5 O-O 9. O-O Nfd7 10.
Nd2 f6 11. Nxd7 Nxd7 12. b3 e5 13. fxe5 fxe5 14. Qh5 Rxf1+ 15. Nxf1 Nf6 16. Qxe5 Bd6 17. Qg5 Be6 18. Bb2 Qe7 19. Re1 Rf8 20. c4 Qf7 21.
Qh4 dxc4 22. dxc5 Bxc5 23. bxc4 Bxc4 24. Bxc4 Qxc4 25. Qxc4+ 1-0

[Event "Early-Titled-Tuesday-Blitz-March-19-2024"]
[Site "Chess.com"]
[Date "2024.03.19"]
[Round "3"]
[White "Bob_2004"]
[Black "campochess"]
[Result "1-0"]
[WhiteElo "2413"]
[BlackElo "2169"]
[TimeControl "180+1"]
[EndTime "8:26:40 PDT"]
[Termination "Bob_2004 won by resignation"]

1. d4 Nf6 2. c4 e6 3. Nc3 Bb4 4. f3 c5 5. a3 Bxc3+ 6. bxc3 d5 7. cxd5 exd5 8. e3 O-O 9. Bd3 Re8 10. Ne2 Nc6 11. O-O b6 12. Ng3 g6 13. Ra2 Bd7 14.
Qc2 Rc8 15. Qf2 Na5 16. Re2 cxd4 17. cxd4 Nc4 18. e4 dxe4 19. fxe4 Ng4 20. Qxf7+ Kh8 21. Bxc4 Qh4 22. h3 Rf8 23. Qxd7 Qxg3 24. Rxf8+ Rxf8 25. Qxg4 Qc3 26. Bh6 Qxd4+ 27. Kh2 Qe5+ 28. Qg3 1-0

[Event "Early-Titled-Tuesday-Blitz-March-19-2024"]
[Site "Chess.com"]
[Date "2024.03.19"]
[Round "3"]
[White "whiteglovethief"]
[Black "Mikasinski"]
[Result "0-1"]
[WhiteElo "2451"]
[BlackElo "2656"]
[TimeControl "180+1"]
[EndTime "8:26:47 PDT"]
[Termination "Mikasinski won by resignation"]

1. d4 Nf6 2. c4 e6 3. Nf3 Bb4+ 4. Bd2 a5 5. g3 d5 6. Bg2 O-O 7. O-O h6 8. a3 Bxd2 9. Nbxd2 Nbd7 10. Qc2 b6 11. cxd5 exd5 12. Rac1 Ba6 13. Qxc7 Bxe2 14.
Rfe1 Bb5 15. Ne5 Rc8 16. Qd6 Nxe5 17. Qxd8 Rfxd8 18. dxe5 Rxc1 19. Rxc1 Ng4 20. f4 d4 21.
Bh3 Ne3 22. Kf2 g5 23. e6 g4 24. exf7+ Kxf7 25. Bg2 Nxg2 26. Kxg2 Re8 27. Nc4 Re2+ 28. Kg1 Bxc4 29. Rxc4 d3 30. Kf1 Rxh2 31. Rd4 d2 32. Kg1 Re2 0-1

[Event "Early-Titled-Tuesday-Blitz-March-19-2024"]
[Site "Chess.com"]
[Date "2024.03.19"]
[Round "3"]
[White "bulletteemo"]
[Black "diamonds13"]
[Result "0-1"]
[WhiteElo "2581"]
[BlackElo "2348"]
[TimeControl "180+1"]
[EndTime "8:26:55 PDT"]
[Termination "diamonds13 won by checkmate"]

1. e4 c5 2. Nf3 Nc6 3. d4 cxd4 4. Nxd4 Nf6 5. Nc3 e5 6. Ndb5 d6 7. Bg5 a6 8. Na3 b5 9. Nd5 Be7 10. Bxf6 Bxf6 11. c3 Bg5 12. Nc2 Ne7 13. Ncb4 Bb7 14. Nxe7 Qxe7 15. Nd5 Qd8 16. a4 O-O 17. h4 Bh6 18. Be2 Kh8 19. g4 Bf4 20. Kf1 Rb8 21. axb5 axb5 22. Ra7 b4 23. Kg2 Bxd5 24. Qxd5 bxc3 25.
bxc3 Rb2 26. Rha1 Qxh4 27. Rxf7 Rfb8 28. Ra8 Qh2+ 29. Kf1 Qh1# 0-1

[Event "Early-Titled-Tuesday-Blitz-March-19-2024"]
[Site "Chess.com"]
[Date "2024.03.19"]
[Round "3"]
[White "only_strong_moves"]
[Black "SamCopeland"]
[Result "1-0"]
[WhiteElo "2614"]
[BlackElo "2366"]
[TimeControl "180+1"]
[EndTime "8:26:56 PDT"]
[Termination "only_strong_moves won on time"]

1. Nc3 f5 2. e4 e5 3. exf5 Nf6 4. Nf3 Nc6 5. d4 e4 6. Ne5 d6 7. Nxc6 bxc6 8. g4 d5 9. g5 Bxf5 10. gxf6 Qxf6 11. Be3 Rb8 12. Na4 Bd6 13. c3 O-O 14. b3 Qg6 15. Qd2 Bg4 16. Rg1 Bxh2 17.
Rg2 Qh5 18. Be2 Rf3 19. O-O-O Bd6 20. Rdg1 Rxe3 21. Bxg4 Qh6 22. fxe3 1-0

[Event "Early-Titled-Tuesday-Blitz-March-19-2024"]
[Site "Chess.com"]
[Date "2024.03.19"]
[Round "3"]
[White "manitodeplomo"]
[Black "Happy1712Drummer"]
[Result "1-0"]
[WhiteElo "2657"]
[BlackElo "2451"]
[TimeControl "180+1"]
[EndTime "8:26:58 PDT"]
[Termination "manitodeplomo won on time"]

1. d4 d5 2. c4 e6 3. Nf3 a6 4. e3 Nf6 5. Nc3 dxc4 6. Bxc4 c5 7. O-O b5 8. Bb3 Bb7 9. Re1 Nc6 10. d5 exd5 11. e4 d4 12. e5 Ng4 13. Ng5 c4 14.
Qxg4 dxc3 15. e6 f6 16. Nf7 Qd5 17. Bc2 h5 18. Qg6 Ne7 19. Nxh8+ Kd8 20. Nf7+ Kc8 21.
Qe4 Qc5 22. Qe3 Qc6 23. Be4 Nd5 24. Qf3 1-0

[Event "Early-Titled-Tuesday-Blitz-March-19-2024"]
[Site "Chess.com"]
[Date "2024.03.19"]
[Round "3"]
[White "angelgab3"]
[Black "Durarbayli"]
[Result "0-1"]
[WhiteElo "2680"]
[BlackElo "2992"]
[TimeControl "180+1"]
[EndTime "8:27:00 PDT"]
[Termination "Durarbayli won by resignation"]

1. e4 c5 2. Nf3 d6 3. d4 cxd4 4. Nxd4 Nf6 5. Nc3 a6 6. Bg5 Nbd7 7. Qe2 h6 8. Bh4 g6 9. f4 e5 10. fxe5 dxe5 11. O-O-O Qc7 12. Nb3 b5 13. Rxd7 Nxd7 14. Nd5 Qb8 15. Na5 Bg7 16. Qf3 O-O 17. Be7 Re8 18.
Nc6 Qb7 19. Na5 Qb8 20. Nc6 Qb7 21. Nd8 Rxd8 22. Bxd8 Nf8 23. Bf6 Be6 24. Bxg7 Kxg7 25.
Qf6+ Kg8 26. Qxe5 Bxd5 27. Qxd5 Qa7 28. a4 Ne6 29. g3 Rd8 30. Qe5 Qe3+ 31. Kb1 Rd1+ 32.
Ka2 Qc1 0-1

[Event "Early-Titled-Tuesday-Blitz-March-19-2024"]
[Site "Chess.com"]
[Date "2024.03.19"]
[Round "3"]
[White "jefferyx"]
[Black "Louis-Paulsen-Fan"]
[Result "1-0"]
[WhiteElo "3092"]
[BlackElo "2284"]
[TimeControl "180+1"]
[EndTime "8:27:00 PDT"]
[Termination "jefferyx won by resignation"]

1. b4 e5 2. a3 d5 3. Bb2 Bd6 4. e3 Nf6 5. Nf3 Qe7 6. d4 Nbd7 7. c4 c6 8. Nc3 O-O 9. cxd5 cxd5 10. dxe5 Nxe5 11.
Nxd5 Nxd5 12. Qxd5 Nxf3+ 13. gxf3 Bxb4+ 14. axb4 Qxb4+ 15. Qd2 Qh4 16. Qd4 Qh6 17. Rg1 f6 18.
Bc4+ Kh8 19. Qd6 Bf5 20. Rxa7 Rad8 21. Qg3 Bg6 22. Rxb7 Qh5 23. Qc7 Qh6 24. Be2 Rfe8 25. Rg4 Rc8 26. Qf4 Qh5 27. Kf1 Qh3+ 28. Kg1 Rc2 29.
Bf1 Qh5 30. Bxf6 1-0

[Event "Early-Titled-Tuesday-Blitz-March-19-2024"]
[Site "Chess.com"]
[Date "2024.03.19"]
[Round "3"]
[White "GHANDEEVAM2003"]
[Black "Kolle05"]
[Result "1-0"]
[WhiteElo "3055"]
[BlackElo "2572"]
[TimeControl "180+1"]
[EndTime "8:27:01 PDT"]
[Termination "GHANDEEVAM2003 won on time"]

1. b3 e5 2. Bb2 Nc6 3. e3 Nf6 4.
c4 Be7 5. Nf3 d6 6. d4 e4 7.
Nfd2 O-O 8. Nc3 Bf5 9. Be2 Bg6 10. g4 Re8 11. h4 h6 12. g5 hxg5 13. hxg5 Nh7 14. Ndxe4 Nxg5 15. Bd3 Nxe4 16. Bxe4 Bxe4 17. Nxe4 Bf6 18. Qf3 Bxd4 19. Qh5 Kf8 20. Ng5 g6 21. Qh6+ Ke7 22. exd4 Kd7+ 23. Kf1 Qf6 24. Qh3+ Kd8 25.
Qh4 Kc8 26. Re1 Rxe1+ 27. Kxe1 Kd7 28. Qg4+ 1-0

[Event "Early-Titled-Tuesday-Blitz-March-19-2024"]
[Site "Chess.com"]
[Date "2024.03.19"]
[Round "3"]
[White "NovoselovRoman"]
[Black "ActorXu"]
[Result "1-0"]
[WhiteElo "2552"]
[BlackElo "2833"]
[TimeControl "180+1"]
[EndTime "8:27:02 PDT"]
[Termination "NovoselovRoman won by checkmate"]

1. e4 c6 2. d4 d5 3. Nc3 dxe4 4. Nxe4 Nf6 5. Ng3 Nbd7 6. Bc4 Nb6 7. Bb3 Bg4 8. f3 Bh5 9. Nxh5 Nxh5 10. Ne2 e6 11. Be3 Nf6 12. O-O Bd6 13. c4 h6 14. Bf2 Be7 15. Qd3 Qc7 16. Bg3 Qd7 17. Rad1 O-O 18. Be5 Rad8 19. Bc2 Rfe8 20. Nf4 Kf8 21. Rfe1 Ng8 22.
Qh7 Bf6 23. Nh5 Ke7 24. Nxg7 Bxg7 25. Qxg7 Rf8 26. b3 Qe8 27. Bc7 Rc8 28. Rxe6+ Kxe6 29. Qe5+ Kd7 30. Qd6# 1-0

[Event "Early-Titled-Tuesday-Blitz-March-19-2024"]
[Site "Chess.com"]
[Date "2024.03.19"]
[Round "3"]
[White "Lennis93"]
[Black "MITerryble"]
[Result "0-1"]
[WhiteElo "2766"]
[BlackElo "2994"]
[TimeControl "180+1"]
[EndTime "8:27:07 PDT"]
[Termination "MITerryble won by resignation"]

1. d4 e6 2. Nf3 Nf6 3. c4 Bb4+ 4. Bd2 c5 5. Bxb4 cxb4 6. a3 bxa3 7. Rxa3 Nc6 8. d5 Nb4 9. Nc3 O-O 10. d6 Qb6 11.
e4 Ne8 12. Nb5 a6 13. Ra4 Nc6 14. e5 Rb8 15. Nbd4 Qxb2 16. Be2 f6 17. Nxc6 bxc6 18. O-O fxe5 19. c5 Nf6 20. Rh4 e4 21. Ng5 Qe5 22.
Qc1 Rb3 23. Nh3 Rc3 24. Qe3 Rxe3 0-1

[Event "Early-Titled-Tuesday-Blitz-March-19-2024"]
[Site "Chess.com"]
[Date "2024.03.19"]
[Round "3"]
[White "Zheenbekov86"]
[Black "AlessiaSanteramo"]
[Result "1-0"]
[WhiteElo "2439"]
[BlackElo "2255"]
[TimeControl "180+1"]
[EndTime "8:27:07 PDT"]
[Termination "Zheenbekov86 won by resignation"]

1. Nf3 Nf6 2. g3 d5 3. Bg2 e6 4. O-O b5 5. d3 Bb7 6. Nbd2 c5 7. Ne5 Nc6 8. Nxc6 Bxc6 9. c4 bxc4 10. dxc4 Be7 11.
b3 O-O 12. Bb2 Rc8 13. e3 d4 14. exd4 cxd4 15. Bxc6 Rxc6 16. Nf3 Bc5 17. Ne5 Rd6 18. Nd3 Nd7 19. b4 e5 20. bxc5 Rh6 21. c6 Rxc6 22. Re1 Re8 23. Qa4 Rh6 24. c5 e4 25. Qxd4 Rg6 26. Rxe4 Rxe4 27. Qxe4 1-0

[Event "Early-Titled-Tuesday-Blitz-March-19-2024"]
[Site "Chess.com"]
[Date "2024.03.19"]
[Round "3"]
[White "SharapovEvgeny"]
[Black "adotand"]
[Result "0-1"]
[WhiteElo "2567"]
[BlackElo "2996"]
[TimeControl "180+1"]
[EndTime "8:27:08 PDT"]
[Termination "adotand won by resignation"]

1. e4 c5 2. Nf3 Nc6 3. d4 cxd4 4.
Nxd4 Nf6 5. Nc3 d6 6. g3 e5 7. Nb3 Be7 8. Bg2 O-O 9. O-O a5 10. a4 Nb4 11. Bg5 Be6 12. Bxf6 Bxf6 13. Nd5 Nxd5 14. exd5 Bd7 15. Nd2 Be7 16. Nc4 Qc7 17. b3 f5 18. Qe2 Bf6 19. Rad1 Rae8 20. Qd2 b6 21. Qe3 Bd8 22. Kh1 Bc8 23. Na3 e4 24. Nb5 Qd7 25. f3 exf3 26. Qxf3 Bf6 27. Rfe1 Be5 28.
Qf2 f4 29. Rxe5 dxe5 30. Qxb6 f3 31. Bf1 e4 32. Nc7 e3 33. Nxe8 e2 34. Re1 exf1=Q+ 35. Rxf1 Qxe8 36. c4 Bh3 0-1

[Event "Early-Titled-Tuesday-Blitz-March-19-2024"]
[Site "Chess.com"]
[Date "2024.03.19"]
[Round "3"]
[White "ikhasu"]
[Black "marcodobrikov"]
[Result "1-0"]
[WhiteElo "2480"]
[BlackElo "2658"]
[TimeControl "180+1"]
[EndTime "8:27:09 PDT"]
[Termination "ikhasu won by resignation"]

1. d4 g6 2. Nf3 Bg7 3. b3 c5 4. Bb2 cxd4 5. Bxd4 Nf6 6. c4 Nc6 7. Bb2 O-O 8. e3 d5 9. cxd5 Nb4 10. Be2 Bf5 11. Na3 Nfxd5 12. Bxg7 Kxg7 13. e4 Qa5 14. Nc4 Qc5 15. exf5 Nc3 16. Qd2 Nxe2 17. Qxe2 Qxf5 18.
O-O e6 19. Nd4 Qc5 20. Rad1 Rad8 21. Qe3 b6 22. Ne5 Rd5 23. Nd7 Rxd7 24. Nxe6+ fxe6 25. Rxd7+ Rf7 26. Qxe6 Rxd7 27. Qxd7+ Kh6 28. Rd1 Nxa2 29. Qd2+ Kg7 30. Qxa2 Qh5 31. Qxa7+ Kh6 32. Qd7 Qe5 33. Qd2+ Kh5 34. Qd5 1-0

[Event "Early-Titled-Tuesday-Blitz-March-19-2024"]
[Site "Chess.com"]
[Date "2024.03.19"]
[Round "3"]
[White "Revan_2002"]
[Black "NowInChess"]
[Result "1-0"]
[WhiteElo "2582"]
[BlackElo "2254"]
[TimeControl "180+1"]
[EndTime "8:27:12 PDT"]
[Termination "Revan_2002 won by checkmate"]

1. c4 e5 2. Nc3 d6 3. g3 g6 4. Bg2 Bg7 5. d3 Nf6 6. Nf3 O-O 7. O-O Nc6 8. Rb1 Nh5 9. b4 f5 10. b5 Ne7 11. Bg5 h6 12. Bxe7 Qxe7 13. Nd5 Qf7 14. Nd2 Kh7 15. a4 g5 16. a5 Rb8 17. e3 f4 18. Rc1 g4 19. Be4+ Kh8 20. c5 f3 21. cxd6 cxd6 22. Rc7 Bd7 23. Nc4 Qe6 24. Qb3 Nf6 25. Nxf6 Bxf6 26. Nd2 Qxb3 27. Nxb3 Bxb5 28.
Rfc1 Ba4 29. Nd2 b5 30. Rh7+ Kg8 31. Rcc7 Rfc8 32. Bd5+ Kf8 33. Rhf7+ Ke8 34. Bc6+ Kd8 35. Rcd7+ Ke8 36. Rde7+ Kd8 37. Re8# 1-0

[Event "Early-Titled-Tuesday-Blitz-March-19-2024"]
[Site "Chess.com"]
[Date "2024.03.19"]
[Round "3"]
[White "Andrey_Klymchuk"]
[Black "HanSchut"]
[Result "1-0"]
[WhiteElo "2720"]
[BlackElo "2322"]
[TimeControl "180+1"]
[EndTime "8:27:12 PDT"]
[Termination "Andrey_Klymchuk won by resignation"]

1. e4 c5 2. Nf3 d6 3. d4 cxd4 4. Nxd4 Nf6 5. f3 e5 6. Bb5+ Nbd7 7. Nf5 d5 8. exd5 a6 9. Ba4 b5 10. Bb3 Nc5 11. Ne3 Bb7 12. Nc3 e4 13. O-O exf3 14.
Qxf3 Nxb3 15. axb3 Bc5 16. Kh1 O-O 17. Nf5 Nxd5 18.
Qg3 g6 19. Bh6 Nxc3 20. Qxc3 f6 21. Qxc5 gxf5 22. Qxf8+ Qxf8 23. Bxf8 Rxf8 24. Rxf5 Kg7 25. Rd1 Kg6 26. Rf2 Rc8 27. Kg1 f5 28. Rd6+ Kg5 29.
Rd7 Be4 30. c3 h5 31. Rg7+ Kf6 32. Rd7 b4 33. c4 a5 34. Rd6+ Ke5 35. Ra6 Rd8 36.
Rxa5+ Kf6 37. h4 Rd1+ 38. Kh2 Rd3 39. Ra6+ Ke5 40. Ra5+ Kf6 41. Rb5 Rxb3 42. c5 Bd3 43.
Rb6+ Ke5 44. c6 Be4 45. c7 1-0

[Event "Early-Titled-Tuesday-Blitz-March-19-2024"]
[Site "Chess.com"]
[Date "2024.03.19"]
[Round "3"]
[White "Balla_Tamas"]
[Black "tarno17"]
[Result "1-0"]
[WhiteElo "2408"]
[BlackElo "2194"]
[TimeControl "180+1"]
[EndTime "8:27:12 PDT"]
[Termination "Balla_Tamas won on time"]

1. e4 c5 2. c3 d5 3. exd5 Qxd5 4. d4 e6 5. Nf3 Nf6 6. Be3 cxd4 7. cxd4 a6 8. Nc3 Qd6 9. Bd3 Be7 10. O-O O-O 11. Qe2 Nbd7 12. Rad1 b5 13. Bg5 Bb7 14. Ne5 h6 15. Bh4 b4 16. Na4 Bd5 17. b3 Rfc8 18. Bb1 Nf8 19. Rfe1 a5 20. Bg3 Qa6 21. Bd3 Qb7 22. f3 Bc6 23. Nb2 a4 24. Nxc6 Rxc6 25. Nxa4 Rac8 26. Be5 1-0

[Event "Early-Titled-Tuesday-Blitz-March-19-2024"]
[Site "Chess.com"]
[Date "2024.03.19"]
[Round "3"]
[White "Byniolus"]
[Black "Orest_Vovk"]
[Result "1-0"]
[WhiteElo "2808"]
[BlackElo "2526"]
[TimeControl "180+1"]
[EndTime "8:27:13 PDT"]
[Termination "Byniolus won by resignation"]

1. d4 Nc6 2. Nf3 e6 3. Bf4 Be7 4. h3 g5 5. Bh2 d6 6. e4 Nf6 7.
Nc3 g4 8. hxg4 Nxg4 9. Bg3 e5 10.
dxe5 Ncxe5 11. Be2 Nxf3+ 12. gxf3 Ne5 13. f4 Nc6 14.
Qd2 Bf6 15. O-O-O Bxc3 16. Qxc3 Rf8 17. Rxh7 Be6 18. f5 Bd7 19. Bh4 Qb8 20. Qg7 b5 21.
Bf6 Ne7 22. Qxf8+ Kxf8 23. Rh8+ Ng8 24. Rxg8+ Kxg8 25. Rh1 1-0